 Dungeon Crawl Stone Soup version 0.30-a0-918-g0ff054e9dc (webtiles) character file.

Game seed: 15047700865335251161

937 bobarctor the Scholar of Death (level 7, -7/46 HPs)
             Began as a Demonspawn Necromancer on Mar 20, 2023.
             Was a Follower of Kikubaaqudgha.
             Mangled by a vampire (8 damage)
             ... on level 6 of the Dungeon.
             The game lasted 00:27:04 (5824 turns).

bobarctor the Scholar of Death (DsNe)               Turns: 5824, Time: 00:27:04

Health: -7/46      AC:  5    Str:  9    XL:     7   Next: 87%
Magic:  25/25      EV: 13    Int: 18    God:    Kikubaaqudgha [*.....]
Gold:   131        SH:  0    Dex: 19    Spells: 6/18 levels left

rFire   . . .      SeeInvis .    D - +11 short sword of Modesty {flame, rElec MP+9}
rCold   . . .      Faith    .    (no shield)
rNeg    . . .      Spirit   .    a - +0 robe
rPois   .          Reflect  .    (no helmet)
rElec   +          Rampage  .    g - scarf {+Inv}
rCorr   .                        h - +0 pair of gloves
Will    .....                    (no boots)
Stlth   ++                       C - amulet of regeneration
HPRegen 1.07/turn                F - +6 ring of dexterity
MPRegen 0.19/turn                (no ring)

@: no status effects
A: yellow scales 1, spiny 2, demonic touch 2
a: Renounce Religion, Evoke Invisibility, Unearth Wretches


You were on level 6 of the Dungeon.
You worshipped Kikubaaqudgha.
Kikubaaqudgha was aware of your devotion.
You visited 1 branch of the dungeon, and saw 6 of its levels.

You collected 229 gold pieces.
You spent 98 gold pieces at shops.

Inventory:

Hand Weapons
 c - a +0 dagger
 D - the +11 short sword of Modesty (weapon) {flame, rElec MP+9}
   (You found it on level 5 of the Dungeon)

   rElec:     It insulates you from electricity.
   MP:        It affects your magic capacity (+9).
 G - a +0 shortbow
 J - a +2 whip of freezing
Missiles
 i - 3 poisoned darts
 B - a throwing net
Armour
 a - a +0 robe (worn)
 d - a +0 cloak
 g - a scarf of invisibility (worn)
 h - a +0 pair of gloves (worn)
Jewellery
 y - a ring of fire
 C - an amulet of regeneration (around neck)
 F - a +6 ring of dexterity (left hand)
 H - a ring of wizardry
Wands
 z - a wand of flame (6)
Scrolls
 f - 4 scrolls of teleportation
 j - 3 scrolls of blinking {unknown}
 l - 3 scrolls of immolation {unknown}
 m - 8 scrolls of identify
 r - a scroll of noise {unknown}
 s - a scroll of poison {unknown}
 u - 2 scrolls of enchant armour {unknown}
 A - a scroll of enchant weapon {unknown}
 E - a scroll of brand weapon {unknown}
 I - a scroll of butterflies {unknown}
Potions
 b - 3 potions of magic
 e - a potion of brilliance
 k - 3 potions of might
 n - a potion of curing
 o - 3 potions of degeneration {unknown}
 p - 3 potions of attraction {unknown}
 q - 2 potions of lignification {unknown}
 t - a potion of heal wounds {unknown}
 v - 3 potions of flight {unknown}
 w - a potion of invisibility {unknown}
 x - 2 potions of haste {unknown}


   Skills:
 + Level 0.1 Short Blades
 + Level 2.5 Dodging
 + Level 2.2 Stealth
 * Level 6.2 Spellcasting
 + Level 7.0 Necromancy
 * Level 1.9 Translocations
 + Level 0.2 Earth Magic


You had 6 spell levels left.
You knew the following spells:

 Your Spells              Type           Power      Damage    Failure   Level
a - Necrotise             Necr           100%       1d9       1%          1
b - Vampiric Draining     Necr           31%        2d8       1%          3
c - Sandblast             Erth           12%        2d6       11%         1
d - Teleport Other        Tloc           12%        N/A       16%         3
e - Animate Dead          Necr           31%        N/A       6%          4

Your spell library contained the following spells:

 Spells                   Type           Power      Damage    Failure   Level
 Sublimation of Blood     Necr           31%        N/A       1%          2
 Lesser Beckoning         Tloc           24%        N/A       9%          2
 Gell's Gravitas          Tloc           12%        N/A       16%         3
 Passwall                 Tmut/Erth      5%         N/A       17%         2
 Agony                    Necr           31%        N/A       19%         5
 Stone Arrow              Conj/Erth      12%        3d7       32%         3
 Animate Armour           Summ/Erth      12%        N/A       73%         4
 Blade Hands              Tmut           2%         N/A       97%         5
 Iron Shot                Conj/Erth      3%         9d2       100%        6


Dungeon Overview and Level Annotations

Branches:
Dungeon (6/15)
 Temple: D:4-7

Altars:
Kikubaaqudgha
Makhleb
Nemelex Xobeh

Shops:
D:1 ?

Annotations:
D:3 3 runed translucent doors, Palms's ghost, weakling DEFE; Zonian's ghost, weakling VSGl; domi's ghost, amateur DsCj


Innate Abilities, Weirdness & Mutations

You are partially covered in yellow scales. (AC +2)
You are mostly covered in sharp spines.
Your touch may inflict irresistible damage on your foes.


Message History

Things that are here:
a +0 war axe; a +0 chain mail; an orc corpse You start resting.
HP restored.
You start resting.
Magic restored.
A vampire comes into view.
Casting: Vampiric Draining (safe; 1% risk of failure)
Confirm with . or Enter, or press ? or * to list all spells.
Aiming: Sandblast (safe; 11% risk of failure)
Press: ? - help, Shift-Dir - straight line, f - vampire
Aim: a vampire (81% to hit)
The blast of sand hits the vampire but does no damage.
The vampire casts a spell.
The vampire flickers and vanishes!
Deactivating autopickup; reactivate with Ctrl-A.
Unknown command.
You hit something. You burn something.
You touch something!
Something hits you but does no damage. Something bites you but does no damage.
You barely miss something.
You hear some strange, mumbled words.
Something tries to affect you, but you resist.
You hit something. You burn something. Your touch misses something.
Something hits you. Something bites you.
Something draws strength from your injuries!
You hit something. You burn something. Your touch misses something.
Something draws life force from you!
You miss something. Your touch misses something. Something hits you!
Something barely misses you.
You hit something but do no damage. Something hits you!
* * * LOW HITPOINT WARNING * * *
Something bites you.
* * * LOW HITPOINT WARNING * * *
Something draws strength from your injuries!
Okay, then.
You swap places.
Something hits you!
* * * LOW HITPOINT WARNING * * *
Something bites you!
You die...
Kikubaaqudgha rasps: "You have failed me!
Welcome... death!"

#.# #.# #.# #.#
#.########.#
#.##Z{.....#
#.##@###.###
#)##.# ##
#[##.###...
#)...#.....
###.....#
##.....##
#..⌠..##
#######......+#
.
#.............#


You could see a friendly gnoll zombie.

Vanquished Creatures
  Sigmund (D:3)
  An orc warrior (D:6)
  A centaur (D:5)
  A scorpion (D:5)
  A crimson imp (D:4)
  2 orc priests
  2 hounds (D:5)
  A jelly (D:6)
  An iguana (D:5)
  A sleepcap (D:5)
  4 orc wizards
  6 adders
  4 gnolls (D:6)
  A white imp (D:4)
  An ufetubus (D:5)
  6 worms
  2 dart slugs
  10 orcs
  7 ball pythons
  2 endoplasms
  5 giant cockroaches
  2 goblins
  5 hobgoblins
  7 quokkas
  4 bats
  3 frilled lizards
  A kobold (D:1)
  5 rats
87 creatures vanquished.

Vanquished Creatures (collateral kills)
  A goblin (D:2)
  A frilled lizard (D:3)
2 creatures vanquished.

Vanquished Creatures (others)
  2 gnoll zombies (D:6)
  4 withered plants (D:3)
6 creatures vanquished.

Grand Total: 95 creatures vanquished

Notes
Turn   | Place    | Note
-------+----------+-------------------------------------------
     0 | D:1      | bobarctor the Demonspawn Necromancer began the quest for
                  | the Orb.
     0 | D:1      | Reached XP level 1. HP: 13/13 MP: 3/3
   607 | D:1      | Found Tuduxar's Magic Scroll Emporium.
   620 | D:1      | Gained mutation: You are partially covered in sharp spines.
                  | [demonic ancestry]
   620 | D:1      | Reached XP level 2. HP: 11/19 MP: 0/5
   672 | D:1      | Bought a scroll of identify for 28 gold pieces
  1018 | D:1      | Reached skill level 5 in Necromancy
  1338 | D:2      | Gained mutation: You are partially covered in yellow
                  | scales. (AC +2) [demonic ancestry]
  1338 | D:2      | Reached XP level 3. HP: 24/24 MP: 2/6
  1403 | D:2      | Learned a level 3 spell: Vampiric Draining
  1740 | D:2      | Reached XP level 4. HP: 30/30 MP: 2/8
  2139 | D:3      | Noticed Sigmund
  2278 | D:3      | Found an ancient bone altar of Kikubaaqudgha.
  2286 | D:3      | Became a worshipper of Kikubaaqudgha
  2973 | D:3      | Found a runed translucent gate.
  2974 | D:3      | Found a runed translucent gate.
  2976 | D:3      | Found a runed translucent gate.
  3195 | D:3      | Killed Sigmund
  3196 | D:3      | Reached skill level 6 in Necromancy
  3196 | D:3      | Gained mutation: Your touch may inflict minor irresistible
                  | damage on your foes. [demonic ancestry]
  3196 | D:3      | Reached XP level 5. HP: 19/35 MP: 3/12
  3196 | D:3      | Gained mutation: You are mostly covered in sharp spines.
                  | [demonic ancestry]
  3196 | D:3      | Reached XP level 6. HP: 22/41 MP: 3/13
  3296 | D:3      | Noticed domi's ghost (amateur DsCj)
  3296 | D:3      | Noticed Palms's ghost (weakling DEFE)
  3297 | D:3      | Noticed Zonian's ghost (weakling VSGl)
  3454 | D:4      | Learned a level 1 spell: Sandblast
  3721 | D:4      | Reached skill level 5 in Spellcasting
  3855 | D:4      | Learned a level 3 spell: Teleport Other
  4267 | D:5      | Entered Level 5 of the Dungeon
  4368 | D:1      | Bought a scroll of identify for 28 gold pieces
  4368 | D:1      | Bought a scroll of teleportation for 42 gold pieces
  4769 | D:5      | Reached * piety under Kikubaaqudgha
  4769 | D:5      | Received a gift from Kikubaaqudgha
  4778 | D:5      | Reached skill level 1 in Translocations
  4778 | D:5      | Gained mutation: Your touch may inflict irresistible damage
                  | on your foes. [demonic ancestry]
  4778 | D:5      | Reached XP level 7. HP: 32/46 MP: 2/15
  4893 | D:5      | Identified the +11 short sword of Modesty {flame, rElec
                  | MP+9}
  5002 | D:5      | Learned a level 4 spell: Animate Dead
  5261 | D:5      | Found a burning altar of Makhleb.
  5303 | D:5      | Found a sparkling altar of Nemelex Xobeh.
  5764 | D:6      | Reached skill level 7 in Necromancy
  5814 | D:6      | Noticed a vampire
  5824 | D:6      | HP: 1/46 [something (7)]
  5824 | D:6      | Mangled by a vampire

Illustrated notes

Levels and vault maps discovered:
D:1:      saegor_arrival_simple_d, layout_basic, serial_shops,
          nicolae_shop_hallway_plus
D:2:      layout_loops_ring
D:3:      layout_basic, nicolae_kikubaaqudgha_miasma_corner, elyvilon_altar_1,
          gammafunk_ghost_cemetery, uniq_sigmund
D:4:      layout_basic, minmay_fire_ice_demons
D:5:      layout_loops_corners, mainiacjoe_overflow_two_lobes
D:6:      layout_loops_ring, mainiacjoe_overflow_alcove_2, tso_oasis_becter,
          led_sif_pool, nicolae_shop_unique_rings, chequers_serial_rivers_room_b

Skill      XL: |  1  2  3  4  5  6  7 |
---------------+----------------------+-----
Necromancy     | 5 6 7 |  7.0
Stealth        | 2 |  2.2
Spellcasting   | 3 4 5 6 |  6.2
Translocations | 1 |  1.9
Dodging        | 2 |  2.5
Short Blades   | |  0.1
Earth Magic    | |  0.2

Action                     |  1- 3 |  4- 6 |  7- 9 || total
---------------------------+-------+-------+-------++-------
  Melee: Dagger            |     9 |    31 |     6 ||    46
         Touch             |       |     4 |    10 ||    14
         Punch             |       |     1 |       ||     1
         Short sword       |       |       |    23 ||    23
   Cast: Necrotise         |    62 |    78 |    10 ||   150
         Vampiric Draining |       |     7 |     5 ||    12
         Sandblast         |       |     5 |     1 ||     6
         Animate Dead      |       |       |     3 ||     3
    Use: Scroll            |     3 |       |       ||     3
         Potion            |       |       |     1 ||     1
   Stab: Sleeping          |       |     1 |       ||     1
 Armour: Robe              |     3 |     7 |     8 ||    18
  Dodge: Dodged            |     9 |    22 |    19 ||    50

Table legend: (Time is in decaauts)
 A = Elapsed time spent in this place.
 B = Non-inter-level travel time spent in this place.
 C = Inter-level travel time spent in this place.
 D = Time resting spent in this place.
 E = Time spent auto-exploring this place.
 F = Levels seen in this place.
 G = Mean time per level.
                   A        B        C        D        E       F      G
               +--------+--------+--------+--------+--------+-----+--------+
         Total |   5829 |   5564 |    265 |    644 |   4183 |   6 |  971.5 |
       Dungeon |   5829 |   5564 |    265 |    644 |   4183 |   6 |  971.5 |
               +--------+--------+--------+--------+--------+-----+--------+

Top non-repeatable levels by time:
     D:3: 1295 daAuts
     D:1: 1269 daAuts
     D:5: 1219 daAuts
     D:2: 972 daAuts
     D:4: 905 daAuts
     D:6: 168 daAuts
